 Dungeon Crawl Stone Soup version 0.23.1 (webtiles) character file.

Game seed: 12496522898927256040

671 Zealous the Poker (level 7, -3/52 HPs)
             Began as a Formicid Abyssal Knight on Mar 13, 2019.
             Was a Priest of Lugonu.
             Slain by an ogre
             ... wielding a +0 giant club
              (7 damage)
             ... on level 4 of the Dungeon.
             The game lasted 00:12:23 (4279 turns).

Zealous the Poker (Formicid Abyssal Knight)         Turns: 4279, Time: 00:12:25

Health: -3/52      AC: 11    Str: 19    XL:     7   Next: 89%
Magic:  17/17      EV:  7    Int: 11    God:    Lugonu [***...]
Gold:   186        SH:  0    Dex: 10    Spells: 6/6 levels left

rFire    . . .     SeeInvis +   q - +4 mace (crush)
rCold    . . .     Gourm    .   (no shield)
rNeg     . . .     Faith    .   e - +0 chain mail
rPois    .         Spirit   .   (helmet unavailable)
rElec    .         Reflect  .   (no cloak)
rCorr    .         Harm     .   (no gloves)
MR       .....                  (no boots)
Stlth    ..........             (no amulet)
HPRegen  0.17/turn              h - +2 ring of protection
MPRegen  0.15/turn              r - ring of magical power

@: no status effects
A: permanent stasis, dig shafts and tunnels, four strong arms, antennae 3
a: Dig, Shaft Self, Depart the Abyss, Bend Space, Banish, Renounce Religion


You were on level 4 of the Dungeon.
You worshipped Lugonu.
Lugonu was most pleased with you.
You were not hungry.

You visited 1 branch of the dungeon, and saw 4 of its levels.
You visited the Abyss 1 time.

You collected 186 gold pieces.

Inventory:

Hand Weapons
 a - a +1 spear
 f - a +1 dagger of venom
 p - a +0 trident
 q - a +4 mace of crushing (weapon)
Missiles
 m - 2 throwing nets (quivered)
Armour
 e - a +0 chain mail (worn)
Jewellery
 h - a +2 ring of protection (left hand)
 r - a ring of magical power (right hand)
Wands
 s - a wand of random effects (26)
Scrolls
 d - 3 scrolls of remove curse {unknown}
 g - 4 scrolls of enchant armour {unknown}
 j - 7 scrolls of identify {unknown}
 l - a scroll of teleportation {unknown}
 n - a scroll of fog {unknown}
 o - 2 scrolls of noise {unknown}
Potions
 i - 2 potions of curing
 k - a potion of haste {unknown}
 t - a potion of lignification {unknown}
Comestibles
 b - a chunk of flesh
 c - 5 rations


   Skills:
 - Level 3.2 Fighting
 + Level 7.8 Polearms
 + Level 3.6 Armour
 - Level 0.8 Dodging
 - Level 2.2 Invocations


You had 6 spell levels left.
You didn't know any spells.
Your spell library was empty.

Dungeon Overview and Level Annotations

Branches:
Dungeon (4/15)
 Temple: D:4-7

Altars:

Annotations:
D:2 exclusion: downstairs


Innate Abilities, Weirdness & Mutations

You cannot be hasted, slowed, berserked, paralysed or teleported.
You can dig through walls and to a lower floor.
Your four strong arms can wield two-handed weapons with a shield.
You have a pair of large antennae on your head. (SInv)


Message History

You are too injured to fight recklessly!
You are too injured to fight recklessly!
You are too injured to fight recklessly!
You are too injured to fight recklessly!
You are too injured to fight recklessly!
You are too injured to fight recklessly!
You are too injured to fight recklessly!
You are too injured to fight recklessly!
You are too injured to fight recklessly!
You are too injured to fight recklessly!
You are too injured to fight recklessly!
You are too injured to fight recklessly!
You are too injured to fight recklessly!
You closely miss the ogre.
The ogre hits you with a +0 giant club!!
* * * LOW HITPOINT WARNING * * *
You sock the ogre!
The ogre is moderately wounded.
The ogre hits you with a +0 giant club!
You die...

#.# ##...### #.#
#####....... #..
.........###
#..# #.#
######.## { #..#
#.# #####.# {
#..# ##.####
#.....# { #..#
#.....###.#####
.{ ...#
#.###..##.#
o{.###..# #@#
##..#.#####
........# #O##
##.......# #.#
#..# ##........#
#.# ##.##
##...#.#.# #.#
#..# ##..#.#.#
#.# #..##
##...#.# #.#
#...# #..... #.#
#.#.## #...# #.#
#.#..###.####..#


You could see an ogre.

Vanquished Creatures
  Grinder (D:3)
  A water moccasin skeleton (D:4)
  A howler monkey (D:4)
  A hound (D:4)
  An orc priest (D:4)
  Natasha (thrice) (D:3)
  A worker ant (D:4)
  An iguana (D:4)
  Robin (D:3)
  10 adders
  3 oozes
  2 worms
  A dart slug (D:3)
  8 orcs
  3 giant cockroaches
  15 goblins
  15 hobgoblins
  3 jackals (D:4)
  A ball python (D:4)
  10 bats
  11 frilled lizards
  4 kobolds
  A quokka skeleton (D:4)
  4 rats
102 creatures vanquished.

Notes
Turn   | Place    | Note
-------+----------+-------------------------------------------
     0 | Abyss:1  | Zealous the Formicid Abyssal Knight began the quest for the
                  | Orb.
     0 | Abyss:1  | Reached XP level 1. HP: 18/18 MP: 2/2
    38 | Abyss:1  | Noticed an orange demon
    45 | Abyss:1  | Noticed a phantasmal warrior
   104 | D:1      | Escaped the Abyss
   460 | D:1      | Reached XP level 2. HP: 23/24 MP: 3/3
   554 | D:1      | Reached * piety under Lugonu
   554 | D:1      | Reached skill level 3 in Polearms
   564 | D:1      | You fall through a shaft!
   635 | D:1      | Reached XP level 3. HP: 29/29 MP: 4/4
  1231 | D:2      | Reached skill level 4 in Polearms
  1231 | D:2      | Reached XP level 4. HP: 31/35 MP: 5/5
  1904 | D:3      | Noticed Grinder
  1934 | D:3      | Reached ** piety under Lugonu
  1934 | D:3      | Reached XP level 5. HP: 32/41 MP: 6/6
  2382 | D:3      | Reached skill level 5 in Polearms
  2478 | D:3      | Noticed Natasha
  2495 | D:3      | Killed Natasha
  2744 | D:4      | Reached skill level 6 in Polearms
  2744 | D:4      | Reached XP level 6. HP: 47/47 MP: 7/7
  3032 | D:4      | Noticed an ogre
  3302 | D:3      | Killed Grinder
  3302 | D:3      | Reached skill level 7 in Polearms
  3302 | D:3      | Reached XP level 7. HP: 31/52 MP: 8/8
  3498 | D:3      | Noticed Robin
  3504 | D:3      | Killed Robin
  3554 | D:3      | Noticed Natasha
  3565 | D:3      | Killed Natasha
  3565 | D:3      | Reached *** piety under Lugonu
  3697 | D:3      | Noticed Natasha
  3701 | D:3      | Killed Natasha
  4279 | D:4      | Slain by an ogre

Skill      XL: |  1  2  3  4  5  6 |
---------------+-------------------+-----
Polearms       | 3 4 6 7 |  7.8
Armour         | 3 |  3.6
Fighting       | |  3.2
Dodging        | |  0.8
Invocations    | |  2.2

Action                   |  1- 3 |  4- 6 |  7- 9 || total
-------------------------+-------+-------+-------++-------
Melee: Spear             |   110 |   205 |       ||   315
       Trident           |       |    17 |       ||    17
       Mace              |       |    11 |    69 ||    80
Invok: Depart the Abyss  |     1 |       |       ||     1
  Use: Potion            |       |     3 |       ||     3
  Eat: Chunk             |     1 |     6 |     4 ||    11
Armor: Chain mail        |    51 |    99 |    49 ||   199
       Leather armour    |     6 |       |       ||     6
Dodge: Dodged            |    34 |    68 |    31 ||   133
